Map: Oceanborn LE

Players

trigger - Winner!

  • Race: Protoss Protoss
  • League: Master
  • Spawn Location: 11:00

Kelazhur

  • Race: Terran Terran
  • League: Master
  • Spawn Location: 5:00

VOD

Have the link to the VOD?

Description

Time

  • Played on: Sept. 5, 2024, 10:39 a.m.
  • Length: 23:14
Show
View Real Time Build Order
Export as new Build Order

trigger Protoss - Winner!

Build Orders: 1 Gate Expand, Blink Stalkers, Colossus Rush 

Get SALT Encoding   

  12  0:00  Probe  
  13  0:12  Probe  
  14  0:17  Pylon  
  14  0:24  Probe (Chrono Boost)  
  16  0:36  Gateway, Probe (Chrono Boost)  
  16  0:43  Probe (Chrono Boost)  
  16  0:45  Assimilator  
  17  0:50  Probe  
  18  1:03  Probe  
  19  1:15  Probe  
  20  1:23  Cybernetics Core  
  20  1:31  Nexus  
  20  1:34  Probe  
  21  1:40  Pylon  
  21  1:47  Assimilator  
  21  1:48  Probe  
  22  2:00  Stalker, Probe (Chrono Boost)  
  25  2:09  Warp Gate  
  25  2:10  Probe (Chrono Boost)  
  25  2:15  Probe (Chrono Boost)  
  27  2:27  Probe (Chrono Boost)  
  28  2:32  Stalker, Probe (Chrono Boost)  
  31  2:44  Probe (Chrono Boost), Twilight Council  
  33  2:47  Probe (Chrono Boost)  
  33  2:53  Probe (Chrono Boost)  
  33  2:56  Probe (Chrono Boost)  
  33  2:58  Probe (Chrono Boost)  
  35  3:05  Gateway  
  36  3:06  Probe  
  36  3:10  Stalker, Probe  
  40  3:14  Robotics Facility  
  40  3:18  Probe  
  41  3:22  Probe  
  41  3:24  Pylon  
  42  3:30  Blink (Chrono Boost)  
  42  3:31  Probe  
  43  3:34  Probe  
  44  3:43  Probe  
  44  3:46  Probe  
  46  3:54  Nexus  
  46  3:55  Probe, Pylon  
  47  3:57  Assimilator  
  47  4:00  Observer (Chrono Boost), Probe  
  49  4:03  Assimilator  
  49  4:07  Probe  
  50  4:12  Probe  
  51  4:18  Robotics Bay  
  51  4:19  Probe  
  52  4:24  Stalker, Probe  
  52  4:28  Gateway  
  52  4:30  Gateway  
  55  4:31  Probe  
  56  4:38  Stalker  
  56  4:40  Probe  
  56  4:44  Shield Battery  
  59  4:48  Probe  
  59  4:52  Stalker  
  62  4:59  Pylon  
  62  5:05  Observer (Chrono Boost), Probe x2  
  65  5:08  Gravitic Boosters (Chrono Boost)  
  65  5:09  Probe  
  65  5:10  Shield Battery  
  66  5:14  Charge (Chrono Boost)  
  66  5:16  Gateway  
  66  5:17  Gateway, Probe  
  66  5:20  Colossus (Chrono Boost)  
  67  5:25  Stalker  
  75  5:34  Probe x2  
  75  5:35  Probe  
  78  5:37  Zealot x3  
  78  5:40  Pylon  
  84  5:44  Pylon  
  84  5:46  Probe  
  84  5:47  Pylon  
  85  5:57  Forge  
  85  5:58  Probe x2  
  85  5:59  Forge  
  85  6:01  Probe  
  85  6:02  Extended Thermal Lance  
  88  6:07  Sentry, Stalker  
  88  6:10  Probe x2  
  94  6:13  Zealot x3  
  94  6:16  Zealot  
  102  6:18  Colossus (Chrono Boost)  
  108  6:27  Probe  
  108  6:28  Protoss Ground Weapons Level 1 (Chrono Boost)  
  108  6:29  Pylon  
  109  6:33  Pylon  
  109  6:34  Pylon  
  109  6:45  Nexus  
  109  6:46  Pylon  
  109  6:47  Probe  
  109  6:51  Forge  
  109  6:54  Probe  
  111  7:06  Stalker x3, Pylon  
  111  7:08  Observer (Chrono Boost)  
  118  7:10  Probe x2  
  118  7:12  Probe  
  121  7:16  Robotics Facility  
  122  7:22  Probe  
  122  7:23  Probe  
  122  7:24  Probe  
  122  7:27  Protoss Ground Armor Level 1 (Chrono Boost)  
  122  7:28  Shield Battery  
  124  7:30  Photon Cannon  
  124  7:34  Probe, Immortal (Chrono Boost)  
  124  7:35  Probe  
  124  7:36  Probe  
  127  7:42  Photon Cannon  
  127  7:43  Photon Cannon  
  131  7:45  Pylon  
  131  7:47  Probe x2  
  131  7:48  Stalker, Zealot  
  131  7:49  Zealot x4  
  145  8:04  Gateway  
  145  8:05  Gateway, Disruptor (Chrono Boost)  
  145  8:08  Gateway  
  145  8:10  Probe  
  145  8:11  Probe  
  145  8:12  Assimilator  
  151  8:20  Protoss Ground Weapons Level 2 (Chrono Boost)  
  151  8:21  Observer x2 (Chrono Boost)  
  151  8:25  Probe  
  153  8:27  Assimilator, Pylon  
  153  8:28  Disruptor (Chrono Boost)  
  156  8:36  Zealot x6  
  156  8:37  Nexus  
  166  8:41  Disruptor  
  166  8:45  Pylon  
  168  8:58  Zealot x6  
  180  9:03  Observer  
  180  9:05  Shield Battery  
  181  9:12  Gateway  
  181  9:13  Shield Battery  
  181  9:15  Photon Cannon  
  181  9:16  Photon Cannon  
  181  9:17  Disruptor  
  181  9:18  Photon Cannon  
  181  9:19  Observer, Dark Shrine  
  181  9:21  Disruptor  
  187  9:34  Pylon  
  187  9:36  Pylon  
  182  9:48  Stalker x3  
  186  9:55  Protoss Ground Armor Level 2 (Chrono Boost)  
  186  9:57  Probe  
  187  10:00  Assimilator  
  187  10:03  Zealot x6  
  187  10:05  Assimilator  
  181  10:17  Nexus  
  177  10:26  Zealot x5  
  177  10:27  Zealot x5  
  181  10:33  Gateway, Protoss Ground Weapons Level 3 (Chrono Boost)  
  181  10:34  Gateway  
  181  10:36  Gateway  
  181  10:38  Gateway  
  181  10:40  Gateway  
  181  10:43  Gateway  
  181  10:44  Probe x2  
  181  10:45  Gateway  
  179  10:51  Zealot x6  
  179  10:52  Zealot x4  
  195  11:04  Probe x4  
  174  11:22  Zealot x10  
  174  11:25  Pylon  
  183  11:31  Observer  
  183  11:32  Zealot x3  
  151  11:44  Probe  
  151  11:46  Zealot x10  
  164  11:51  Probe  
  164  11:53  Shield Battery  
  165  11:55  Observer  
  165  11:56  Nexus  
  165  11:59  Shadow Stride (Chrono Boost)  
  165  12:03  Dark Templar  
  163  12:11  Pylon  
  163  12:13  Disruptor (Chrono Boost)  
  171  12:23  Disruptor (Chrono Boost), Zealot x11  
  193  12:34  Observer  
  191  12:45  Zealot x4  
  191  12:50  Observer  
  195  12:53  Stalker  
  195  12:54  Stalker  
  193  13:05  Probe  
  172  13:06  Shield Battery  
  172  13:08  Photon Cannon  
  172  13:09  Photon Cannon  
  172  13:10  Photon Cannon  
  166  13:13  Pylon  
  166  13:14  Disruptor  
  160  13:23  Zealot x11  
  160  13:24  Zealot x2  
  160  13:25  Stalker x3  
  160  13:26  Stalker  
  190  13:28  Immortal  
  192  13:46  Zealot x4  
  176  13:59  Stalker x5  
  176  14:00  Stalker x3  
  192  14:07  Stalker x4  
  200  14:11  Protoss Ground Armor Level 3 (Chrono Boost)  
  200  14:13  Protoss Shields Level 1 (Chrono Boost)  
  200  14:14  Observer (Chrono Boost)  
  196  14:27  Observer (Chrono Boost)  
  196  14:30  Stalker x2  
  193  14:42  Zealot x4  
  183  14:55  Zealot x2  
  183  14:56  Zealot x8  
  178  15:33  Dark Templar x17  
  192  15:51  Disruptor x2  
  195  16:03  Templar Archives  
  181  16:12  Archon x3  
  181  16:14  Stalker x9  
  181  16:16  Nexus  
  197  16:29  Protoss Shields Level 2 (Chrono Boost)  
  197  16:30  Nexus  
  193  16:36  Disruptor  
  187  16:49  High Templar x5  
  187  16:52  Zealot x3  
  187  16:53  Zealot x7  
  199  17:00  Archon x2  
  191  17:11  Zealot x2  
  191  17:14  Pylon  
  195  17:16  Shield Battery  
  195  17:17  Photon Cannon  
  195  17:18  Photon Cannon  
  195  17:19  Photon Cannon  
  195  17:22  Stalker x3  
  192  17:30  Zealot  
  183  17:43  Disruptor x2  
  171  17:53  Zealot x9  
  171  17:54  Zealot x5  
  199  17:59  Assimilator x2  
  199  18:01  Shield Battery  
  199  18:03  Photon Cannon  
  199  18:04  Photon Cannon  
  199  18:05  Photon Cannon  
  166  18:35  Zealot x6  
  166  18:36  Zealot x8  
  194  18:44  Disruptor  
  198  18:50  Zealot  
  190  19:00  Stalker x7  
  198  19:08  Disruptor  
  198  19:10  Assimilator x2, Zealot  
  194  19:21  Zealot  
  194  19:22  Zealot x6  
  176  19:42  Zealot  
  176  19:47  Observer  
  176  19:49  Zealot x12  
  193  20:04  Dark Templar  
  193  20:12  Zealot x3  
  193  20:13  Zealot x3  
  193  20:22  Dark Templar  
  193  20:23  Zealot x2  
  199  20:30  Dark Templar  
  199  20:33  Zealot x3  
  197  20:49  Gateway  
  197  20:50  Gateway  
  197  20:51  Gateway  
  197  20:52  Gateway  
  197  20:54  Gateway x2  
  197  20:55  Gateway  
  197  20:56  Gateway  
  197  20:57  Pylon  
  197  20:59  Gateway, Pylon  
  197  21:01  Pylon  
  197  21:02  Gateway  
  197  21:03  Pylon  
  197  21:04  Gateway  
  197  21:06  Gateway  
  197  21:09  Gateway  
  197  21:10  Pylon  
  191  21:13  Pylon  
  191  21:16  Pylon  
  191  21:18  Pylon  
  191  21:20  Pylon  
  191  21:21  Zealot  
  191  21:22  Pylon  
  185  21:32  Gateway  
  179  21:40  Pylon  
  179  21:42  Pylon  
  179  21:47  Pylon  
  179  21:50  Zealot x6  
  178  22:05  Zealot x7, Pylon  
  187  22:10  Zealot x5  
  184  22:21  Immortal  
  181  22:33  Zealot x9  
  163  22:47  Zealot  
  149  22:58  Zealot x9  
Show
View Real Time Build Order
Export as new Build Order

Kelazhur Terran 

Build Orders: Reaper Expand, Banshee Rush 

Get SALT Encoding   

  12  0:00  SCV  
  13  0:12  SCV  
  14  0:17  Supply Depot  
  14  0:24  SCV  
  15  0:38  SCV  
  15  0:40  Barracks  
  15  0:42  Refinery  
  16  0:50  SCV  
  17  1:02  SCV  
  18  1:14  SCV  
  19  1:27  Reaper, Orbital Command  
  20  1:41  Command Center  
  20  1:47  Supply Depot  
  20  1:53  SCV  
  21  1:59  Marine  
  22  2:03  Factory  
  22  2:08  SCV  
  23  2:14  Refinery  
  23  2:16  Bunker  
  23  2:20  SCV  
  23  2:22  Barracks Reactor  
  24  2:32  SCV  
  25  2:44  SCV  
  25  2:48  Hellion  
  25  2:50  Starport  
  28  2:53  Orbital Command  
  28  2:56  SCV  
  28  2:58  Orbital Command  
  29  2:59  Marine  
  29  3:00  Marine  
  31  3:08  SCV  
  31  3:09  Factory Tech Lab  
  32  3:17  Marine x2  
  34  3:21  SCV  
  34  3:26  SCV  
  36  3:29  Supply Depot  
  36  3:33  SCV  
  37  3:35  Factory Tech Lab  
  37  3:37  Cloaking Field, Banshee  
  40  3:41  SCV  
  40  3:46  Marine x2  
  40  3:47  SCV  
  41  3:58  Siege Tank, Refinery  
  41  4:00  SCV x2, Supply Depot  
  46  4:04  Marine x2  
  48  4:12  SCV x2  
  50  4:18  Supply Depot  
  50  4:20  Banshee  
  50  4:22  Marine x2  
  55  4:26  Supply Depot, SCV x2  
  57  4:35  Siege Tank  
  60  4:38  SCV x2  
  60  4:40  Marine x2  
  64  4:51  SCV x2  
  65  4:55  Barracks  
  65  4:57  Marine  
  65  4:58  Marine, Barracks  
  67  5:03  SCV x2  
  67  5:04  Supply Depot  
  67  5:07  Siege Tank  
  72  5:15  SCV  
  72  5:19  Marine x2, SCV, Refinery  
  76  5:21  Engineering Bay  
  76  5:23  Starport Reactor  
  76  5:27  SCV  
  77  5:31  SCV  
  78  5:37  Marine x2, Supply Depot  
  78  5:42  Command Center  
  80  5:44  SCV  
  80  5:48  Siege Tank  
  80  5:49  SCV  
  85  5:56  Stimpack  
  85  5:59  Marauder  
  85  6:03  Supply Depot  
  87  6:04  Barracks Tech Lab  
  87  6:06  Terran Infantry Weapons Level 1  
  87  6:08  Barracks  
  87  6:10  Barracks, SCV x2  
  88  6:18  Marine x2  
  88  6:22  Siege Tank  
  88  6:23  Marauder  
  88  6:25  Marauder  
  95  6:26  Supply Depot  
  95  6:29  Supply Depot  
  95  6:30  SCV x2  
  95  6:32  Medivac  
  99  6:35  Medivac  
  99  6:38  Marine  
  102  6:48  Marine, Marauder, SCV x2  
  107  6:56  Marauder  
  107  7:00  SCV x2  
  111  7:04  Marine  
  111  7:07  Barracks Reactor, Barracks Tech Lab  
  111  7:08  Barracks  
  112  7:10  Supply Depot  
  112  7:11  Armory  
  112  7:12  SCV  
  112  7:15  SCV  
  114  7:18  Orbital Command  
  114  7:20  Marauder x2  
  118  7:24  Marine x2, SCV  
  118  7:25  Combat Shield  
  122  7:30  SCV  
  122  7:33  Marauder  
  122  7:34  Siege Tank  
  127  7:37  SCV  
  127  7:38  Refinery x2  
  127  7:40  Engineering Bay  
  127  7:42  Supply Depot, SCV  
  127  7:43  Supply Depot  
  129  7:46  Medivac  
  129  7:47  Medivac  
  129  7:49  Marauder  
  135  7:54  Marauder x2  
  135  7:55  Marine x3  
  135  7:57  Marine  
  135  7:58  SCV  
  141  8:04  SCV x2  
  143  8:07  Terran Infantry Weapons Level 2  
  143  8:08  Terran Infantry Armor Level 1  
  143  8:10  Marauder  
  145  8:14  Sensor Tower, Concussive Shells  
  145  8:16  Supply Depot, Marauder  
  147  8:20  SCV x2  
  147  8:25  Marine, Marauder  
  147  8:27  Drilling Claws  
  152  8:32  Widow Mine  
  152  8:33  Command Center, Marine  
  155  8:34  Marine x2  
  159  8:41  Marauder x2  
  159  8:45  Marine  
  159  8:46  Marine  
  163  8:56  Marine x2  
  163  8:57  Ghost Academy  
  163  8:58  Supply Depot  
  165  9:07  Marine  
  165  9:19  Marine x2, Marauder x2, Widow Mine  
  173  9:29  Supply Depot  
  173  9:34  Missile Turret  
  173  9:35  Missile Turret  
  173  9:40  Supply Depot  
  173  9:43  Marine x2  
  173  9:44  Ghost x2, Viking x2  
  181  9:48  Ghost  
  180  10:01  SCV x2  
  180  10:02  SCV  
  182  10:12  Ghost x2, Marine x2  
  182  10:13  Marine, SCV, Missile Turret  
  182  10:14  Sensor Tower  
  190  10:18  Barracks  
  190  10:19  Barracks, Missile Turret  
  190  10:20  Barracks  
  190  10:23  Ghost, Marine, Missile Turret  
  193  10:30  Marine  
  193  10:34  Terran Infantry Weapons Level 3, Medivac x2  
  198  10:36  Marine  
  198  10:39  Planetary Fortress  
  199  10:46  Marine  
  199  11:03  Marauder  
  195  11:04  Marine x4  
  195  11:07  Factory Reactor, Terran Infantry Armor Level 2  
  195  11:10  Starport  
  192  11:21  Marauder x2  
  192  11:24  Viking x2  
  198  11:29  Marauder  
  157  11:41  Marine  
  157  11:42  Marine x3, Marauder  
  157  11:43  Marauder  
  157  11:46  Barracks Tech Lab  
  158  11:48  Barracks Tech Lab  
  158  11:50  Marauder  
  158  11:51  Command Center, Widow Mine x2  
  163  11:55  Medivac x2  
  163  11:56  Marauder  
  163  11:57  Starport Reactor  
  163  11:59  SCV x3  
  163  12:00  Fusion Core  
  172  12:04  Marauder x2  
  174  12:11  Ghost x2, SCV  
  174  12:12  Marine x4  
  174  12:14  Widow Mine x2  
  191  12:23  Marauder x2  
  191  12:25  Medivac, Marauder x2  
  191  12:29  Marine  
  197  12:30  Marine x2  
  198  12:38  Marine  
  198  12:43  Marine  
  199  12:59  Marine  
  199  13:02  Marauder  
  200  13:16  Caduceus Reactor  
  200  13:18  Command Center  
  199  13:20  Marauder  
  199  13:24  Terran Infantry Armor Level 3  
  199  13:26  Terran Ship Weapons Level 1  
  199  13:27  Hi-Sec Auto Tracking  
  199  13:41  Marine, Marauder x3  
  200  13:44  Widow Mine  
  170  13:58  Marauder x2  
  170  13:59  Marauder  
  170  14:00  Marine x4  
  170  14:01  Liberator x4  
  170  14:02  Marauder x2  
  173  14:03  Marauder  
  171  14:11  Widow Mine x2  
  171  14:12  Advanced Ballistics  
  171  14:15  Planetary Fortress  
  175  14:17  Marine  
  175  14:18  Marine x3  
  175  14:19  Marine, SCV x4  
  175  14:20  Marauder  
  175  14:23  Marine  
  175  14:24  Marauder x3, Neosteel Armor  
  187  14:27  Missile Turret  
  186  14:31  SCV  
  186  14:32  Widow Mine x2  
  186  14:35  Marine x2, Refinery  
  186  14:37  Marauder  
  188  14:41  Marauder  
  188  14:42  Marauder  
  188  14:43  Liberator  
  188  14:44  Liberator  
  188  14:45  Marauder x3  
  184  14:53  Widow Mine  
  184  14:54  Widow Mine  
  184  14:55  Medivac x2  
  184  14:59  Marauder  
  181  15:02  Ghost  
  181  15:04  Marine x2  
  168  15:07  Marauder x4  
  168  15:08  Marine x2  
  171  15:15  Widow Mine x2  
  171  15:20  Marauder  
  175  15:21  Marine x2  
  175  15:25  Marine, Medivac  
  175  15:26  Marine  
  181  15:28  Marine, Marauder x3  
  176  15:36  Widow Mine x2  
  176  15:41  Marauder  
  176  15:42  Marauder  
  184  15:46  Marine  
  184  15:47  Marauder  
  186  15:50  Marauder  
  186  15:56  Ghost, Marauder  
  174  16:01  Ghost  
  174  16:02  Ghost  
  175  16:07  Ghost  
  175  16:10  SCV x4  
  179  16:13  Ghost  
  181  16:25  SCV x2  
  182  16:32  Marauder  
  183  16:33  Marauder  
  183  16:35  Marauder x2  
  183  16:37  Marauder  
  158  16:43  Marauder  
  158  16:46  Marine x4  
  152  16:53  Marauder  
  147  16:55  Marauder  
  147  16:56  Ghost, Marine  
  141  17:02  Ghost  
  141  17:04  SCV  
  144  17:16  Medivac  
  144  17:24  Ghost  
  144  17:29  Marine x2  
  144  17:31  Orbital Command  
  135  17:42  Medivac  
  135  17:43  Medivac  
  135  17:51  Widow Mine x2  
  128  17:53  Marine x10  
  136  18:07  SCV x4  
  136  18:10  Marine  
  136  18:11  Marine x6  
  147  18:13  Medivac x2  
  147  18:15  Marauder x2  
  146  18:30  Marine  
  146  18:31  Marine x5  
  146  18:32  SCV  
  146  18:42  Missile Turret  
  146  18:46  SCV  
  150  18:50  Marauder x4  
  143  18:56  Marine x4  
  143  18:59  Marine  
  144  19:06  Medivac  
  144  19:07  Widow Mine  
  142  19:20  Widow Mine  
  142  19:24  Marine  
  142  19:28  Widow Mine  
  133  19:39  Marauder  
  133  19:44  Marine x9, Widow Mine  
  142  19:50  Widow Mine  
  142  19:57  Refinery  
  142  19:59  Marine  
  136  20:01  Marine  
  136  20:02  Marine x8  
  133  20:17  Marine  
  133  20:19  Marine  
  133  20:20  Marine x8  
  123  20:35  Marine  
  124  20:42  Orbital Command  
Tags
 
Add a new tag
Caveats
  • Supply blocks, unpowered buildings, or Contaminate may cause inaccurate times.
  • Supply counts are checked every 10 seconds.